Map: Beckett Industries LE

Players

Zoun

  • Race: Protoss Protoss

MaxPax - Winner!

  • Race: Protoss Protoss

Event: TSL 7

VOD

Have the link to the VOD?

Description

Time

  • Played on: June 13, 2021, 12:26 p.m.
  • Length: 3:47

All games in this series

Show
View Real Time Build Order
Export as new Build Order

Zoun Protoss 

Build Orders: Forge Fast Expand (FFE) 

Get SALT Encoding   

  12  0:00  Probe  
  13  0:12  Probe  
  14  0:17  Pylon  
  14  0:24  Probe  
  15  0:40  Forge  
  15  0:49  Probe  
  16  1:03  Probe  
  17  1:12  Nexus  
  17  1:16  Probe  
  18  1:27  Gateway  
  19  1:38  Pylon  
  18  1:41  Probe  
  18  1:45  Assimilator  
  19  1:55  Probe (Chrono Boost)  
  19  1:56  Pylon  
  20  2:04  Pylon  
  20  2:05  Probe (Chrono Boost)  
  21  2:12  Zealot (Chrono Boost)  
  23  2:16  Cybernetics Core  
  23  2:27  Photon Cannon  
  23  2:37  Photon Cannon  
  18  2:51  Stalker (Chrono Boost)  
  18  2:55  Probe  
  19  3:09  Photon Cannon  
  17  3:19  Stalker (Chrono Boost)  
Show
View Real Time Build Order
Export as new Build Order

MaxPax Protoss - Winner!

Build Orders:  

Get SALT Encoding   

  12  0:00  Probe  
  13  0:12  Probe  
  14  0:19  Pylon  
  14  0:24  Probe  
  15  0:37  Probe (Chrono Boost)  
  15  0:39  Gateway  
  16  0:47  Probe (Chrono Boost), Assimilator  
  17  0:52  Probe (Chrono Boost)  
  17  0:55  Assimilator  
  18  1:04  Probe  
  18  1:07  Pylon  
  20  1:26  Zealot (Chrono Boost)  
  20  1:27  Cybernetics Core  
  20  1:31  Probe  
  22  1:44  Probe, Pylon  
  24  2:03  Adept (Chrono Boost)  
  25  2:16  Stargate  
  25  2:23  Shield Battery  
  25  2:30  Adept  
  27  2:38  Shield Battery  
  27  2:47  Shield Battery  
  25  2:52  Void Ray (Chrono Boost)  
  29  3:11  Pylon  
  29  3:14  Probe  
Tags
 
Add a new tag
Caveats
  • Supply blocks, unpowered buildings, or Contaminate may cause inaccurate times.
  • Supply counts are checked every 10 seconds.